 Dungeon Crawl Stone Soup version 0.31.0-11-ge490571c62 (webtiles) character file.

Game seed: 13441114150352412191

84 qw the Shooter (level 4, 0/25 HPs)
             Began as a Deep Elf Hunter on Feb 5, 2024.
             Slain by a goblin
             ... wielding a +0 dagger
             ... led by Robin
              (2 damage)
             ... on level 2 of the Dungeon.
             The game lasted 00:00:19 (870 turns).

qw the Shooter (Deep Elf Hunter)                     Turns: 870, Time: 00:00:20

Health: 0/25       AC:  3    Str: 10    XL:     4   Next: 24%
Magic:  6/6        EV: 12    Int: 14    God:
Gold:   5          SH:  0    Dex: 18    Spells: 3/3 levels left

rFire   . . .        a - +0 shortbow
rCold   . . .        (shield currently unavailable)
rNeg    . . .        c - +0 leather armour
rPois   .            (no helmet)
rElec   .            (no cloak)
rCorr   .            (no gloves)
SInv    .            (no boots)
Will    .....        (no amulet)
Stlth   ++           (no ring)
HPRegen 0.24/turn    (no ring)
MPRegen 0.10/turn

%: no passive effects
@: no status effects
A: no striking features
a: no special abilities


You were on level 2 of the Dungeon.
You visited 1 branch of the dungeon, and saw 2 of its levels.

You collected 5 gold pieces.


   Skills:
 - Level 1.5 Fighting
 + Level 7.7 Ranged Weapons
 - Level 2.4 Dodging
 - Level 1.2 Stealth


You had 3 spell levels left.
You didn't know any spells.
Your spell library was empty.

Inventory:

Hand Weapons
 a - a +0 shortbow (weapon)
Armour
 c - a +0 leather armour (worn)
Scrolls
 b - a scroll of amnesia {unknown}
Potions
 d - 3 potions of curing
 e - a potion of ambrosia {unknown}

Dungeon Overview and Level Annotations

Branches:
Dungeon (2/15)

Altars:

Shops:
D:2 *


Message History

The goblin barely misses you.
You shoot an arrow. The arrow barely misses the goblin.
The goblin hits you with a +0 club.
You shoot an arrow. The arrow hits Robin.
Robin is moderately wounded.
The goblin closely misses you.
A goblin comes into view. It is wielding a +0 dagger.
Robin hits you with a +0 club.
You shoot an arrow. The arrow closely misses Robin.
The goblin barely misses you.
Robin roars a battlecry!
The goblin goes into a battle-frenzy!
You shoot an arrow. The arrow hits Robin!
Robin is severely wounded.
The goblin hits you but does no damage. Robin throws the goblin at you!
You shoot an arrow. The arrow closely misses Robin.
The goblin misses you. The goblin hits you but does no damage.
Robin roars a battlecry!
You shoot an arrow. The arrow closely misses Robin.
The goblin hits you with a +0 dagger. The goblin barely misses you.
Robin completely misses you.
You shoot an arrow. The arrow hits Robin!
You kill Robin!
The goblin barely misses you. The goblin hits you with a +0 club.
The quokka barely misses you. The goblin hits you with a +0 club.
The goblin closely misses you.
You shoot an arrow. The arrow misses the quokka.
The quokka bites you but does no damage.
The goblin closely misses you. The goblin hits you with a +0 dagger.
You shoot an arrow. The arrow misses the quokka.
The quokka closely misses you. The goblin hits you with a +0 club.
The goblin hits you with a +0 dagger.
You shoot an arrow. The arrow barely misses the quokka.
The quokka bites you. The goblin misses you.
The goblin hits you but does no damage.
You shoot an arrow. The arrow hits the quokka.
You kill the quokka!
The goblin no longer looks unusually strong.
The goblin hits you with a +0 club. The goblin hits you with a +0 dagger.
You die...

#.#.#..#........
#.#....#.......7
#.#..#.#......7P
#.#..#.#...(...7
#..[.....# #.. 7
####.##### #...7
.. #...#####
#.#.7....
#.......#
#gg)....7
#...###.# #@#
##### #.# #g# 7
#.###.##P.7
#.........7
#######P777


77 You could see 3 goblins.

Vanquished Creatures
  Jessica (D:2)
  Robin (D:2)
  3 endoplasms
  10 goblins
  2 hobgoblins (D:2)
  8 jackals (D:1)
  3 quokkas
  4 ball pythons (D:1)
  4 bats
  5 kobolds (D:1)
  2 rats (D:1)
43 creatures vanquished.

Notes
Turn   | Place    | Note
-------+----------+-------------------------------------------
     0 | D:1      | qw the Deep Elf Hunter began the quest for the Orb.
     0 | D:1      | Reached XP level 1. HP: 12/12 MP: 3/3
     0 | D:1      | 0 ||| qw: Version: 0.3-a-160-g6735b56
     0 | D:1      | 0 ||| qw: Game counter: 6223
     0 | D:1      | 0 ||| qw: Melee chars always use a shield: true
     0 | D:1      | 0 ||| qw: God list: Okawaru
     0 | D:1      | 0 ||| qw: Allow faded altars: false
     0 | D:1      | 0 ||| qw: Do Orc after clearing Dungeon:15 true
     0 | D:1      | 0 ||| qw: Do second Lair branch before Depths: true
     0 | D:1      | 0 ||| qw: Lair rune preference: random
     0 | D:1      | 0 ||| qw: Goals: Normal
     0 | D:1      | 0 ||| PLANNING D:1-11
    79 | D:1      | Reached skill level 6 in Ranged Weapons
    79 | D:1      | Reached XP level 2. HP: 16/16 MP: 4/4
    94 | D:1      | HP: 4/16 [jackal (3)]
   547 | D:1      | Reached XP level 3. HP: 18/20 MP: 5/5
   743 | D:1      | 743 ||| READING scroll labelled KAVYOW LUOBOROL.
   743 | D:1      | 743 ||| IDENTIFYING 2 murky silvery potions
   744 | D:1      | 744 ||| DROPPING scroll of butterflies.
   753 | D:2      | Found a faded altar of an unknown god.
   755 | D:2      | 755 ||| STAIRDANCE
   779 | D:2      | Found Xeunwiow's General Store.
   784 | D:2      | Noticed Jessica
   792 | D:2      | Killed Jessica
   793 | D:2      | Reached skill level 7 in Ranged Weapons
   817 | D:2      | 817 ||| SHOPLISTING +0 ring mail (56 gold, have 4).
   817 | D:2      | 817 ||| SHOPLISTING +3 scale mail of cold resistance (364
                  | gold, have 4).
   817 | D:2      | 817 ||| SHOPLISTING potion of curing (42 gold, have 4).
   817 | D:2      | 817 ||| SHOPLISTING scroll of teleportation (42 gold, have
                  | 4).
   817 | D:2      | 817 ||| SHOPLISTING wand of iceblast (10) (336 gold, have
                  | 4).
   848 | D:2      | Noticed Robin
   850 | D:2      | Reached XP level 4. HP: 25/25 MP: 6/6
   866 | D:2      | Killed Robin
   868 | D:2      | HP: 6/25 [goblin/+0 club[Robin] (3)]
   870 | D:2      | HP: 2/25 [goblin/+0 club[Robin] (2)]
   870 | D:2      | Slain by a goblin

Levels and vault maps discovered:
D:1:      lordsloth_arrival_two_stooges, layout_basic
D:2:      wad_woods_tower, layout_loops_cross, nicolae_ecumenical_pavilion,
          basic_altar, serial_shops, shop, minivault_19, minivault_11,
          minmay_bisected, uniq_robin, uniq_jessica

Skill      XL: |  1  2  3 |
---------------+----------+-----
Ranged Weapons | 6 7 |  7.7
Fighting       | |  1.5
Dodging        | |  2.4
Stealth        | |  1.2

Action                     |  1- 3 |  4- 6 || total
---------------------------+-------+-------++-------
   Fire: Shortbow          |    87 |    21 ||   108
    Use: Scroll            |     1 |       ||     1
 Armour: Leather armour    |    24 |    20 ||    44
  Dodge: Dodged            |    37 |    15 ||    52

Table legend:
 A = Non-vault XP
 B = Vault XP
 C = Vault XP percentage of total XP
 D = Non-vault monster count
 E = Vault monster count
 F = Vault count percentage of total count
                 A         B        C        D         E       F
            +---------+---------+-------+---------+---------+-------
      Total |      53 |      70 |  56.9 |      32 |      11 |  25.6
            +---------+---------+-------+---------+---------+-------
        D:1 |      48 |       0 |   0.0 |      29 |       0 |   0.0
        D:2 |       5 |      70 |  93.3 |       3 |      11 |  78.6
            +---------+---------+-------+---------+---------+-------
